 Dungeon Crawl Stone Soup version 0.19.0-2-gae57169 (webtiles) character file.

2530 cedor the Cutter (level 9, -2/66 HPs)
             Began as a Demonspawn Monk on Nov 5, 2016.
             Was a Believer of Kikubaaqudgha.
             Slain by a wolf (10 damage)
             ... on level 1 of the Lair of Beasts.
             The game lasted 00:23:04 (3878 turns).

cedor the Cutter (Demonspawn Monk)                  Turns: 3878, Time: 00:23:04

Health: -2/66      AC:  4    Str: 11    XL:     9   Next: 29%
Magic:  12/12      EV: 16    Int: 15    God:    Kikubaaqudgha [**....]
Gold:   332        SH:  0    Dex: 16    Spells: 3 memorised, 6 levels left

rFire  . . .     SeeInvis .     g - +3 short sword (distort)
rCold  . . .     Gourm    .     C - +1 robe {rN+}
rNeg   + + .     Faith    .     (no shield)
rPois  .         Spirit   .     (helmet restricted)
rElec  .         Reflect  .     (no cloak)
rCorr  .         Harm     .     (no gloves)
MR     +....                    p - +0 pair of boots
Stlth  ++++......               (no amulet)
                                D - ring of Divine Intervention {rN+ MR+}
                                (no ring)

@: no status effects
A: antennae 2, nightstalker 1, sturdy frame 1
a: Receive Corpses, Renounce Religion


You were on level 1 of the Lair of Beasts.
You worshipped Kikubaaqudgha.
Kikubaaqudgha was pleased with you.
You were not hungry.

You visited 3 branches of the dungeon, and saw 10 of its levels.

You collected 332 gold pieces.


Innate Abilities, Weirdness & Mutations

You have a pair of antennae on your head.
You are slightly more attuned to the shadows.
Your movements are slightly less encumbered by armour. (ER -2)


   Skills:
 - Level 4.5 Fighting
 * Level 6.9(7.2) Short Blades
 - Level 2.9(5.3) Long Blades
 - Level 1.6 Armour
 + Level 5.5 Dodging
 + Level 5.6 Stealth
 + Level 2.0 Spellcasting
 + Level 4.2 Necromancy


You had 6 spell levels left.
You knew the following spells:

 Your Spells              Type           Power        Failure   Level  Hunger
g - Regeneration          Chrm/Necr      #.........   30%         3    ###....
n - Sublimation of Blood  Necr           ##........   8%          2    ###....
Z - Animate Skeleton      Necr           N/A          4%          1    #......

Inventory:

Hand Weapons
 a - a +0 falchion
 d - a cursed -3 long sword
 g - a +3 short sword of distortion (weapon)
 l - a +4 bardiche
 t - the +9 spear "Kegeis" {drain, Str+3} A truly terrible weapon, it drains the life of those it strikes. It affects your strength (+3).
 F - a +0 rapier of venom
Missiles
 r - 66 stones (quivered)
Armour
 b - a +0 robe
 p - a +0 pair of boots (worn)
 y - a +0 leather armour
 C - a +1 robe of positive energy (worn)
Jewellery
 D - the ring of Divine Intervention (right hand) {rN+ MR+}

   [ring of protection from magic]

   It protects you from negative energy.
   It affects your resistance to hostile enchantments.
Wands
 h - a wand of confusion (3/48)
 v - a wand of iceblast (0/15)
Scrolls
 j - a scroll of remove curse
 o - a scroll of amnesia
 B - a scroll of magic mapping {unknown}
 E - a scroll of holy word {unknown}
Potions
 e - a potion of might {unknown}
 f - a potion of brilliance {unknown}
 i - a potion of agility {unknown}
 m - 2 potions of magic
 n - a potion of curing {@q1}
 q - 2 potions of berserk rage {!q}
 w - a potion of lignification {unknown}
 G - a potion of cancellation {unknown}
Books
 A - Kikubaaqudgha's Compendium of Evil Arts

   Spells                             Type                      Level
   a - Animate Skeleton               Necromancy                   1
   b - Corpse Rot                     Necromancy                   2
   c - Sublimation of Blood           Necromancy                   2
   d - Regeneration                   Charms/Necromancy            3
   e - Control Undead                 Necromancy                   4
Comestibles
 c - 5 bread rations
 k - 3 fruits
 s - 9 slices of pizza
 u - 3 chunks of flesh
 x - a royal jelly
 z - 2 beef jerkies

Dungeon Overview and Level Annotations

Branches:
Dungeon (8/15)             Temple (1/1) D:5            Lair (1/6) D:8

Altars:
Ashenzari
Dithmenos
Elyvilon
Fedhas
Hepliaklqana
Kikubaaqudgha
Makhleb
Nemelex Xobeh
Qazlal
Ru
Sif Muna
Uskayaw
Vehumet
Xom
Yredelemnul
Zin

Annotations:
Abyss:1 Prince Ribbit, Psyche

▒▒+▒P▒▒▒▒▒ ▒▒ ▒▒
......▒▒.▒ ▒▒▒▒+▒▒▒.▒▒.▒
......+..▒ ▒..........▒▒
......▒..▒▒▒...........▒▒
.......▒.▒▒..............
......▒....+...........▒
......▒▒▒▒P...........▒
.......▒ ▒▒▒▒f▒▒▒▒'▒P▒▒
......▒▒ ▒▒▒.6h.▒ ▒
▒'▒▒▒▒▒▒ ▒.▒▒.▒ ▒......▒
▒'▒▒▒▒ ▒..▒▒▒+▒▒ ..h
▒.......▒ ▒.... +.......▒
▒▒ ▒..... P.......+..▒
▒...... ▒.......▒..
+.....▒▒ ▒........▒


You could see a wolf.


Message History

The wolf is severely wounded.
The wolf completely misses you.
You closely miss the wolf.
The wolf is severely wounded.
The wolf bites you.
* * * LOW HITPOINT WARNING * * *
You barely miss the wolf.
The wolf is severely wounded.
The wolf howls!
The wolf bites you.
* * * LOW HITPOINT WARNING * * *
The wolf bites you.
* * * LOW HITPOINT WARNING * * *
Okay, then.
You hit the wolf but do no damage.
The wolf looks slightly unstable.
The wolf is severely wounded.
The wolf misses you.
You closely miss the wolf.
The wolf is severely wounded.
The wolf closely misses you.
You miss the wolf.
The wolf is severely wounded.
The wolf disappears!
You hit the wolf.
The wolf is lightly wounded.
The wolf blinks!
The wolf bites you!
* * * LOW HITPOINT WARNING * * *
The wolf bites you!
You die...
Kikubaaqudgha rasps: "You have failed me!
Welcome... death!"

Action                   |  1- 3 |  4- 6 |  7- 9 || total
-------------------------+-------+-------+-------++-------
Melee: Falchion          |    27 |       |       ||    27
       Short sword       |    35 |    61 |   141 ||   237
Throw: Stone             |       |     3 |       ||     3
 Cast: Animate Skeleton  |       |       |     6 ||     6
Evoke: Wand              |       |       |     8 ||     8
  Use: Scroll            |       |       |     8 ||     8
       Potion            |       |       |     3 ||     3
 Stab: Sleeping          |     5 |     7 |     9 ||    21
       Distracted        |     1 |       |     1 ||     2
  Eat: Chunk             |       |     3 |     5 ||     8
       Beef jerky        |       |       |     1 ||     1
Armor: Robe              |     7 |     3 |     9 ||    19
       Leather armour    |       |       |     3 ||     3
Dodge: Dodged            |    34 |    29 |    63 ||   126
       Rpst.: Falchion   |     5 |       |       ||     5

Vault maps used:
D:1:      roderic_dead_forest, minivault_23
D:4:      lemuel_round_altar, kennysheep_generic_room_11
D:5:      grunt_gozag_breadcrumbs, nemelex_altar_shiori, first_bread,
          basic_altar
D:6:      uniq_prince_ribbit1
D:7:      cheibrodos_quashed, grunt_temple_overflow_diamond, minivault_22
D:8:      grunt_dithmenos_smoke_and_mirrors, nicolae_overflow_hidden_temple,
          dpeg_lair_monsters, grunt_livestock, uniq_psyche
Temple:   minmay_temple_bridge_abc
Lair:1:   fungi_pond_lemuel

Notes
Turn   | Place    | Note
-------+----------+-------------------------------------------
     0 | D:1      | cedor the Demonspawn Monk began the quest for the Orb.
     0 | D:1      | Reached XP level 1. HP: 18/18 MP: 1/1
   187 | D:2      | Gained mutation: You are slightly more attuned to the shadows. [demonic ancestry]
   187 | D:2      | Reached XP level 2. HP: 24/24 MP: 2/2
   260 | D:2      | Reached skill level 2 in Stealth
   432 | D:4      | Reached skill level 1 in Short Blades
   432 | D:4      | Gained mutation: Your movements are slightly less encumbered by armour. (ER -2) [demonic ancestry]
   432 | D:4      | Reached XP level 3. HP: 20/29 MP: 3/3
   685 | D:4      | Reached skill level 3 in Dodging
   685 | D:4      | Reached XP level 4. HP: 29/36 MP: 4/4
   705 | D:4      | Found a hazy altar of Hepliaklqana.
   835 | D:4      | Reached skill level 2 in Short Blades
  1003 | D:5      | Entered Level 5 of the Dungeon
  1010 | D:5      | Reached XP level 5. HP: 35/42 MP: 5/5
  1056 | D:5      | Reached skill level 4 in Fighting
  1056 | D:5      | Reached skill level 3 in Stealth
  1198 | D:5      | Reached skill level 3 in Short Blades
  1205 | D:5      | Gained mutation: You have a pair of small antennae on your head. [demonic ancestry]
  1205 | D:5      | Reached XP level 6. HP: 18/48 MP: 6/6
  1676 | D:5      | Got a crude spear
  1734 | D:5      | Found a sparkling altar of Nemelex Xobeh.
  1865 | D:5      | Reached skill level 4 in Dodging
  1868 | D:5      | Found an ancient bone altar of Kikubaaqudgha.
  1895 | D:5      | Gained mutation: You have a pair of antennae on your head. [demonic ancestry]
  1895 | D:5      | Reached XP level 7. HP: 44/55 MP: 7/7
  1897 | D:5      | Reached skill level 4 in Short Blades
  2128 | D:5      | Found a staircase to the Ecumenical Temple.
  2145 | Temple   | Entered the Ecumenical Temple
  2228 | Temple   | Became a worshipper of Kikubaaqudgha
  2228 | Temple   | Reached * piety under Kikubaaqudgha
  2228 | Temple   | Identified Kikubaaqudgha's Compendium of Evil Arts (Kikubaaqudgha gifted it to you in the Ecumenical Temple)
  2228 | Temple   | Received a gift from Kikubaaqudgha
  2228 | Temple   | Reached ** piety under Kikubaaqudgha
  2252 | D:5      | Learned a level 1 spell: Animate Skeleton
  2255 | D:5      | Learned a level 2 spell: Sublimation of Blood
  2259 | D:5      | Learned a level 3 spell: Regeneration
  2360 | D:5      | Reached skill level 1 in Armour
  2384 | D:6      | Identified the +9 spear "Kegeis" {drain, Str+3} (You found it on level 5 of the Dungeon)
  2427 | D:6      | Noticed Prince Ribbit
  2476 | D:6      | Banished Prince Ribbit
  2476 | D:6      | Reached skill level 4 in Stealth
  2476 | D:6      | Reached skill level 1 in Necromancy
  2618 | D:6      | You fall through a shaft for 2 floors!
  2618 | D:8      | Found a staircase to the Lair.
  2620 | D:8      | Noticed a blink frog
  2623 | D:8      | Noticed a yak
  2623 | D:8      | Noticed a yak
  2623 | D:8      | Noticed a death yak
  2623 | D:8      | Noticed a yak
  2623 | D:8      | Noticed Psyche
  2652 | D:8      | Found a shadowy altar of Dithmenos.
  2757 | D:8      | Reached skill level 5 in Short Blades
  2757 | D:8      | Reached skill level 2 in Necromancy
  2757 | D:8      | Reached XP level 8. HP: 61/61 MP: 8/8
  2893 | D:8      | Found a stormy altar of Qazlal.
  2932 | D:8      | Reached skill level 3 in Necromancy
  2934 | D:8      | HP: 5/61 [hog (9)]
  3271 | D:8      | Reached skill level 6 in Short Blades
  3271 | D:8      | Reached skill level 5 in Dodging
  3271 | D:8      | Reached skill level 5 in Stealth
  3320 | D:8      | Reached skill level 1 in Spellcasting
  3356 | D:8      | Reached XP level 9. HP: 59/66 MP: 9/11
  3407 | D:8      | Reached skill level 4 in Necromancy
  3424 | D:7      | Got a warped jade ring
  3425 | D:7      | Identified the ring of Divine Intervention {rN+ MR+} (You found it on level 7 of the Dungeon)
  3559 | D:8      | Banished Psyche
  3789 | Lair:1   | Entered Level 1 of the Lair of Beasts
  3856 | Lair:1   | Reached skill level 2 in Spellcasting
  3878 | Lair:1   | Slain by a wolf

Vanquished Creatures
  3 hogs (D:8)
  A human (D:8)
  A water moccasin (D:8)
  2 phantoms (D:8)
  An ice beast (D:8)
  A wolf (Lair:1)
  An ogre (D:5)
  2 centaurs
  A bullfrog (Lair:1)
  2 hounds (D:5)
  4 orc priests (D:5)
  3 orc wizards
  3 iguanas
  5 worker ants
  2 worker ant zombies (D:5)
  2 gnolls (D:5)
  A howler monkey skeleton (D:6)
  An adder (D:6)
  A shadow imp (D:5)
  An adder skeleton (D:4)
  2 dart slugs
  3 leopard geckos
  12 orcs
  3 goblins
  A hobgoblin (D:1)
  3 jackals (D:3)
  2 kobolds (D:2)
  3 quokkas
  A ball python (D:3)
  2 bats
  2 frilled lizards
  2 rats (D:1)
74 creatures vanquished.

Vanquished Creatures (collateral kills)
  A yak (D:8)
1 creature vanquished.

Vanquished Creatures (others)
  A hog (D:8)
  A phantom (D:5)
  A centaur skeleton (D:4)
  An iguana (D:5)
4 creatures vanquished.

Grand Total: 79 creatures vanquished
